AoeStats
← Broots

Arabia

509938893Analyzed
2v2 RM · 5d ago on Sep 28, 2026· 37m 21s· 4 players
Game mode
Random Map
Map size
Medium (4 player)
Population
200
Speed
Normal
Resources
Standard
Victory
Conquest
Starting age
Dark Age
Ending age
Imperial Age
RankedLock teamsTeams togetherTeam positionsShared explorationLock speedFull tech treeHidden civsTurbo modeCheats
Victory
Defeat
🇩🇪 Berbers · Germany
1009
+16
🇩🇪 Vietnamese · Germany
1009
+16
🇷🇴 Wei · Romania
1035
-17
🇷🇸 Ethiopians · Serbia
987
-15
Broots
7:41 Loom
10:01 Feudal Age
14:53 Horse Collar
15:12 Double-Bit Axe
17:50 Scale Barding Armor
19:31 Forging
21:38 Castle Age
20:47 Town Watch
22:25 Fletching
22:36 Padded Archer Armor
22:57 Elite Skirmisher
29:57 Bloodlines
30:57 Bow Saw
32:22 Chain Barding Armor
32:13 Forging
34:24 Bodkin Arrow
37:59 Husbandry
onerom
5:16 Loom
10:28 Feudal Age
11:58 Double-Bit Axe
12:00 Horse Collar
18:20 Fletching
21:39 Castle Age
21:47 Crossbowman
22:26 Bodkin Arrow
24:45 Ballistics
25:08 Heavy Plow
25:20 Bow Saw
25:50 Wheelbarrow
25:34 Thumb Ring
26:20 Hand Cart
26:21 Elite Skirmisher
32:00 Padded Archer Armor
36:26 Imperial Age
34:45 Leather Archer Armor
37:10 Bracer
37:41 Ring Archer Armor
38:15 Chemistry
36:44 Imperial Skirmisher
36:46 Arbalester
ukisampion1
6:28 Loom
10:31 Feudal Age
14:31 Padded Archer Armor
14:22 Fletching
14:29 Horse Collar
14:44 Double-Bit Axe
20:13 Stone Mining
26:49 Castle Age
27:41 Bow Saw
27:35 Heavy Plow
29:41 Thumb Ring
28:57 Crossbowman
31:06 Leather Archer Armor
31:04 Gold Mining
Ryu
7:21 Loom
10:05 Feudal Age
10:42 Double-Bit Axe
21:12 Castle Age
19:42 Fletching
19:55 Padded Archer Armor
19:54 Horse Collar
22:07 Bow Saw
22:38 Wheelbarrow
21:27 Crossbowman
23:35 Forging
26:22 Iron Casting
26:40 Scale Barding Armor
27:43 Bloodlines
32:47 Heavy Plow
32:56 Town Watch
33:50 Bodkin Arrow
34:10 Leather Archer Armor
35:37 Chain Barding Armor
36:58 Gold Mining
36:59 Stone Mining
Connection lost

Rejoining the realm…

Still unreachable

The connection could not be restored.

Session expired

The server has moved on; the page needs a fresh start.